cohdb
Replays
Latest Replays
All Replays
Popular Replays
Top Player Replays
Match Explorer
How It Works
Community
CoH3 Stats
Reddit
Sign in to upload your games and track your stats! →
Sign in with Steam
Match 40243188
Unlisted
Match 40243188
Overview
Messages
Build Orders
End
Royal Engineer Section
Construct Section Command Post
Infantry Section
Infantry Section
Infantry Section
Construct Platoon Command Post
Construct Field Infirmary
Infantry Section
Construct Company Command Post
6-pounder Anti-tank Gun Team
Crusader II Medium Tank
Foot Guards Section
StarDriver
REGULATOR
0
0
Comments
sign in to comment!
No comments posted yet!